Unix NetHack Version 3.7.0-53 Work-in-progress - last build Apr 18 2022 03:42:42 (02b85442fffe0e2954e411e09df771b56fe27bbc,branch:master). Game began 2022-05-05 19:32:07, ended 2022-05-05 19:45:47. Dewzmint, lawful male human Priest ---- ---------- |..---..--....-- |..............| --# ---..........%.| |..-#- |...|.......<- .-----....##- ---- ------.... |.. ...|........# |..| ---... ....... ...| --..-- --- |-.. ...... ...-- |....---.---- ----...| ...- ...---- |...........-- |.^....| ...| ....|.-- --...........| |..%.|.-- ...-- .....| |-.. ...| -..#-|..| ...| -..-| ---- |... --.--..*..|-.-------....-- ...---.@- --.- --...[|..|.......(.%...| ...|.aaa |.- --.------|...----------- ..... |..------.%.| ---...| ... --....^...--- |.....| |...------ |...--- --.-- --.- --- Dewzmint the Adept St:13 Dx:12 Co:14 In:9 Wi:17 Ch:11 Lawful S:1750 Dlvl:6 $:148 HP:0(44) Pw:71(72) AC:4 Xp:6/333 T:1951 Latest messages: The giant ant misses! The giant ant bites! You miss the giant ant. The giant ant misses! The giant ant bites! The giant ant bites! You hit the giant ant! The giant ant bites! The giant ant bites! The giant ant bites! The giant ant bites! You miss the giant ant. The giant ant misses! The giant ant bites! The giant ant bites! The giant ant bites! Are you sure you want to pray? [yn] (n) y You begin praying to Tyr. You are surrounded by a shimmering light. The giant ant starts to attack you, but pulls back. The giant ant starts to attack you, but pulls back. The giant ant starts to attack you, but pulls back. The giant ant starts to attack you, but pulls back. The giant ant starts to attack you, but pulls back. The giant ant starts to attack you, but pulls back. The giant ant starts to attack you, but pulls back. The giant ant starts to attack you, but pulls back. The giant ant starts to attack you, but pulls back. The giant ant starts to attack you, but pulls back. The giant ant starts to attack you, but pulls back. The giant ant starts to attack you, but pulls back. The giant ant starts to attack you, but pulls back. The giant ant starts to attack you, but pulls back. The giant ant starts to attack you, but pulls back. You finish your prayer. You feel that Tyr is well-pleased. What do you want to read? As you read the scroll, it disappears. Your robe glows silver for a moment. The giant ant bites! The giant ant misses! The giant ant bites! The giant ant bites! The giant ant bites! You die... Do you want your possessions identified? [ynq] (y) y Do you want to see your attributes? [ynq] (y) n Do you want an account of creatures vanquished? [ynaq] (y) n Do you want to see your conduct and achievements? [ynq] (y) n Do you want to see the dungeon overview? [ynq] (y) n Major events: Turn 1: Dewzmint the lawful human Priest entered the dungeon 704: attained the rank of Acolyte (level 3) 1503: entered the Gnomish Mines 1883: attained the rank of Adept (level 6) 1951: killed by a giant ant Inventory: Coins $ - 148 gold pieces Amulets x - an amulet of magical breathing (being worn) Weapons z - 13 blessed +1 darts a - a blessed +4 mace (weapon in hand) Armor c - a +0 small shield (being worn) b - a blessed +1 robe (being worn) B - a +0 studded leather armor (being worn) Comestibles e - a clove of garlic i - 6 food rations f - a sprig of wolfsbane o - a tripe ration Scrolls l - a blessed scroll of earth C - a scroll of fire y - a scroll of teleportation Spellbooks h - a spellbook of detect food g - a spellbook of detect monsters v - a spellbook of dig Potions d - 4 potions of holy water Rings m - a ring of poison resistance (on left hand) n - a ring of see invisible Tools A - an empty sack r - a lock pick k - a towel Dewzmint the Priest's attributes: Background: You were an Adept, a level 6 human Priest. You were lawful, on a mission for Tyr who was opposed by Odin (neutral) and Loki (chaotic). You were in the Gnomish Mines, on level 6. You entered the dungeon 1951 turns ago. You had 333 experience points, 307 more were needed to attain level 7. Your score was 1750 before end-of-game adjustments. Basics: You had 0 out of 44 hit points. You had 71 out of 72 energy points (spell power). Your armor class was 3. Your wallet contained 148 zorkmids. Autopickup was off. Final Characteristics: Your strength was 13 (limit:18/100). Your dexterity was 12 (limit:18). Your constitution was 14 (limit:18). Your intelligence was 9 (limit:18). Your wisdom was 17 (limit:18). Your charisma was 11 (limit:18). Final Status: You were not hungry. You were unencumbered. You were wielding a mace. You were skilled in mace. Final Attributes: You were devoutly aligned. You were poison resistant. You were telepathic. You could survive without air. You were guarded. You are dead. Miscellaneous: You never encountered a bones level. Total elapsed playing time was 13 minutes and 40 seconds. Vanquished creatures: a bugbear a rock mole 2 gnome leaders a giant ant a floating eye a dwarf 2 rothes a giant bat an iguana a hobgoblin a giant rat 21 gnomes a gnome zombie a jackal 2 kobolds 3 goblins 5 grid bugs 4 lichens a kobold zombie 5 newts 56 creatures vanquished. No species were genocided or became extinct. Voluntary challenges: You read items or engraved 6 times. You never engraved Elbereth. You never genocided any monsters. You never polymorphed an object. You never changed form. You used no wishes. Achievements: You attained the rank of Acolyte. You entered the Gnomish Mines. You attained the rank of Adept. The Dungeons of Doom: levels 1 to 3 Level 1: Level 2: Level 3: Stairs down to The Gnomish Mines. The Gnomish Mines: levels 4 to 6 Level 4: Level 5: Level 6: <- You were here. Final resting place for you, killed by a giant ant. Game over: ---------- / \ / REST \ / IN \ / PEACE \ / \ | Dewzmint | | 148 Au | | killed by a | | giant ant | | | | | | 2022 | *| * * * | * _________)/\\_//(\/(/\)/\//\/|_)_______ Goodbye Dewzmint the Priest... You died in The Gnomish Mines on dungeon level 6 with 1736 points, and 148 pieces of gold, after 1951 moves. You were level 6 with a maximum of 44 hit points when you died.